AoeStats
← DR DANKEL

Arabia

508899591Analyzed
1v1 RM · 9d ago on Sep 24, 2026· 43m 14s· 2 players
Game mode
Random Map
Map size
Tiny (2 player)
Population
200
Speed
Normal
Resources
Standard
Victory
Conquest
Starting age
Dark Age
Ending age
Imperial Age
RankedLock teamsTeams togetherTeam positionsShared explorationLock speedFull tech treeHidden civsTurbo modeCheats
Victory
Defeat
🇺🇸 Franks · United States
1076
+17
🇸🇪 Vikings · Sweden
1100
-17
Savitar1678
7:30 Loom
10:09 Feudal Age
11:10 Double-Bit Axe
19:26 Castle Age
19:08 Gold Mining
20:10 Forging
20:07 Scale Barding Armor
20:35 Husbandry
24:32 Bow Saw
25:08 Town Watch
26:08 Wheelbarrow
29:41 Hand Cart
32:12 Imperial Age
30:28 Devotion
30:39 Stone Mining
31:27 Gold Shaft Mining
30:58 Town Patrol
31:39 Fletching
32:26 Iron Casting
34:37 Ballistics
34:28 Masonry
33:46 Cavalier
35:04 Conscription
35:24 Hoardings
36:56 Chain Barding Armor
38:04 Blast Furnace
40:19 Plate Barding Armor
40:46 Murder Holes
41:23 Architecture
41:14 Paladin
DR DANKEL
7:10 Loom
10:11 Feudal Age
16:18 Castle Age
14:58 Double-Bit Axe
15:35 Horse Collar
19:07 Fletching
21:40 Stone Mining
23:37 Scale Mail Armor
26:30 Gold Mining
27:20 Crossbowman
28:27 Town Watch
29:06 Ballistics
28:54 Bodkin Arrow
30:36 Squires
36:24 Imperial Age
38:30 Chemistry
37:47 Arbalester
37:58 Pikeman
38:11 Pikeman
40:50 Gold Shaft Mining
43:27 Chieftains
43:46 Forging
Connection lost

Rejoining the realm…

Still unreachable

The connection could not be restored.

Session expired

The server has moved on; the page needs a fresh start.